Map: Ulrena

Players

Worming - Winner!

  • Race: Zerg Zerg
  • League: Diamond

ROG

  • Race: Zerg Zerg
  • League: Diamond

VOD

Have the link to the VOD?

Description

Time

  • Played on: July 5, 2016, 2:13 p.m.
  • Length: 10:01
Show
View Real Time Build Order
Export as new Build Order

Worming Zerg - Winner!

Build Orders: Hatch First 

Get SALT Encoding   

  12  0:02  Drone  
  13  0:10  Drone  
  14  0:17  Overlord  
  14  0:24  Extractor  
  14  0:25  Drone  
  15  0:35  Drone x2  
  17  0:56  Hatchery  
  17  0:57  Drone  
  17  1:02  Drone, Extractor  
  17  1:09  Drone  
  18  1:20  Spawning Pool  
  17  1:29  Drone x2  
  19  1:42  Overlord  
  19  2:08  Queen x2  
  21  2:09  Zergling x6  
  21  2:12  Metabolic Boost  
  26  2:29  Baneling Nest, Spine Crawler  
  24  2:33  Drone  
  25  2:50  Zergling x8  
  25  2:51  Zergling x2  
  30  3:03  Drone x3  
  31  3:08  Roach Warren  
  31  3:12  Evolution Chamber  
  30  3:24  Zergling x6  
  32  3:38  Overlord  
  32  3:39  Zergling x4  
  32  3:40  Zergling x2  
  35  3:43  Zerg Missile Weapons Level 1  
  35  4:07  Drone x7  
  41  4:16  Lair  
  41  4:21  Drone x2  
  43  4:28  Spine Crawler  
  42  4:35  Spine Crawler  
  37  4:46  Roach x3  
  41  4:53  Roach x2  
  41  4:54  Zergling x2  
  29  5:24  Drone x9  
  29  5:26  Glial Reconstitution  
  38  5:29  Extractor  
  38  5:32  Queen  
  39  5:54  Drone x5  
  44  5:57  Overlord  
  44  5:59  Overlord  
  44  6:04  Zerg Missile Weapons Level 2  
  44  6:17  Roach  
  44  6:18  Roach x3  
  52  6:20  Overlord  
  52  6:24  Roach  
  56  6:25  Roach  
  56  6:34  Overlord  
  56  6:41  Roach  
  56  6:42  Roach x3  
  64  6:58  Roach x5  
  74  7:07  Zergling x4  
  76  7:08  Overlord  
  76  7:29  Roach x4  
  84  7:37  Ravager, Hatchery  
  84  7:41  Overlord  
  84  7:56  Overlord  
  82  8:14  Roach x7  
  82  8:15  Roach x2  
  94  8:34  Zergling x2  
  94  8:35  Zergling x8  
  99  8:46  Overlord  
  99  8:47  Overlord  
  99  8:49  Roach x2  
  99  8:50  Roach  
  105  8:59  Drone, Extractor  
  105  9:03  Drone  
  105  9:04  Overlord  
  105  9:06  Drone x2  
  108  9:10  Ravager  
  108  9:11  Ravager  
  108  9:13  Pneumatized Carapace  
  109  9:27  Ravager  
  110  9:35  Zergling x8  
  110  9:36  Zergling x4  
  110  9:37  Roach x3  
Show
View Real Time Build Order
Export as new Build Order

ROG Zerg 

Build Orders: Pool First 

Get SALT Encoding   

  12  0:01  Drone  
  13  0:08  Drone  
  14  0:17  Overlord  
  14  0:38  Drone x3  
  17  0:45  Spawning Pool  
  17  0:50  Drone  
  17  1:00  Drone  
  18  1:10  Drone  
  19  1:21  Hatchery  
  19  1:24  Drone  
  19  1:32  Roach Warren  
  18  1:37  Drone, Extractor  
  18  1:50  Drone, Extractor  
  18  1:53  Queen  
  20  1:57  Overlord  
  20  2:34  Queen  
  22  2:39  Roach x4  
  30  3:04  Roach x3  
  36  3:09  Overlord  
  36  3:13  Overlord  
  34  3:36  Roach x3  
  40  3:50  Roach x2  
  44  4:09  Overlord x2  
  44  4:30  Drone x4  
  48  4:32  Drone  
  43  5:06  Roach x5  
  41  5:22  Spine Crawler  
  36  5:31  Drone x6  
  36  5:33  Drone  
  43  5:36  Drone  
  44  5:57  Roach x4  
  44  5:59  Roach  
  44  6:02  Roach  
  56  6:08  Overlord  
  56  6:10  Overlord  
  56  6:28  Roach x4  
  56  6:29  Roach  
  56  6:32  Roach  
  68  6:37  Drone x2  
  68  6:39  Drone  
  71  7:04  Drone x5  
  76  7:27  Hatchery  
  76  7:28  Overlord x4  
  75  7:34  Evolution Chamber  
  75  7:35  Lair, Evolution Chamber  
  73  7:39  Ravager x3  
  76  7:51  Ravager x3  
  79  7:54  Drone x8  
  87  7:59  Extractor  
  87  8:01  Extractor  
  82  8:17  Roach x7  
  94  8:33  Roach x2  
  99  8:54  Ravager x6  
  105  9:05  Zergling x6  
  105  9:07  Overlord x5  
  105  9:08  Overlord  
  108  9:34  Roach x4  
  108  9:35  Roach  
  118  9:40  Zergling x8  
Tags
 
Add a new tag
Caveats
  • Supply blocks, unpowered buildings, or Contaminate may cause inaccurate times.
  • Supply counts are checked every 10 seconds.